Map: Blackpink LE

Players

TYTY (TY) - Winner!

  • Race: Terran Terran
  • League: Master
  • Spawn Location: 7:00

Elazer

  • Race: Zerg Zerg
  • League: Master
  • Spawn Location: 1:00

Event: Memes & Dreams Invitational

VOD

Have the link to the VOD?

Description

Time

  • Played on: April 14, 2018, 12:30 a.m.
  • Length: 15:21

All games in this series

Show
View Real Time Build Order
Export as new Build Order

TYTY Terran - Winner!

Build Orders: Hellion Opening, Reaper Expand, Bio Tank 

Get SALT Encoding   

  12  0:00  SCV  
  13  0:13  SCV  
  14  0:17  Supply Depot  
  14  0:25  SCV  
  15  0:39  SCV  
  15  0:41  Barracks  
  16  0:44  Refinery  
  16  0:51  SCV  
  17  1:03  SCV  
  18  1:15  SCV  
  19  1:28  Reaper  
  19  1:29  Orbital Command  
  20  1:39  Command Center  
  20  1:48  Supply Depot  
  20  1:54  SCV  
  20  2:00  Marine  
  22  2:06  Factory  
  22  2:07  SCV  
  23  2:11  Refinery  
  23  2:19  SCV  
  24  2:23  Barracks Reactor  
  24  2:31  SCV  
  25  2:43  SCV  
  26  2:52  Orbital Command  
  26  2:53  Starport  
  26  2:55  SCV  
  27  3:02  Hellion x2  
  31  3:07  Barracks Tech Lab, SCV  
  32  3:18  SCV  
  32  3:19  SCV  
  34  3:23  Hellion x2  
  34  3:26  Supply Depot  
  38  3:30  SCV  
  38  3:31  SCV  
  40  3:36  Raven  
  40  3:37  Barracks Tech Lab  
  42  3:42  SCV  
  42  3:43  SCV  
  44  3:50  Hellion x2  
  44  3:52  Supply Depot  
  44  3:54  SCV  
  49  3:55  SCV  
  50  4:06  SCV  
  50  4:08  SCV  
  52  4:10  Command Center  
  52  4:13  Stimpack  
  51  4:18  SCV  
  51  4:20  SCV  
  51  4:22  Siege Tank  
  57  4:30  SCV  
  57  4:31  Supply Depot  
  57  4:33  SCV  
  57  4:36  Barracks  
  57  4:37  Barracks  
  58  4:39  Supply Depot  
  58  4:40  Starport Reactor  
  58  4:41  Marine  
  58  4:43  SCV  
  60  4:45  SCV  
  61  4:54  Engineering Bay x2  
  61  4:55  SCV  
  61  4:57  Refinery  
  61  4:59  SCV  
  63  5:01  Marine  
  63  5:03  Siege Tank  
  67  5:07  SCV  
  67  5:13  SCV  
  67  5:14  Refinery  
  69  5:19  Marine, SCV  
  69  5:21  Terran Infantry Weapons Level 1  
  71  5:23  Orbital Command  
  71  5:25  SCV, Starport Reactor  
  72  5:28  Marine x2  
  72  5:31  SCV  
  72  5:33  Terran Infantry Armor Level 1  
  72  5:35  Supply Depot  
  75  5:36  Marine x2  
  75  5:37  Marine  
  75  5:40  SCV  
  75  5:42  Orbital Command  
  79  5:44  Supply Depot  
  79  5:46  Marine x2, Siege Tank  
  79  5:49  SCV  
  85  5:53  SCV  
  85  5:54  Marine x3  
  89  6:01  Barracks x2  
  89  6:02  SCV  
  89  6:04  Marine  
  90  6:05  Medivac  
  90  6:07  Medivac  
  96  6:11  SCV  
  96  6:12  SCV  
  96  6:16  Marine  
  96  6:18  Combat Shields  
  98  6:21  SCV  
  98  6:22  Supply Depot x2  
  98  6:23  SCV  
  98  6:24  Armory  
  100  6:26  Marine x2, Liberator  
  100  6:28  SCV  
  103  6:33  SCV  
  103  6:35  Marine x2  
  108  6:40  SCV  
  108  6:42  SCV  
  108  6:45  Supply Depot, SCV  
  112  6:48  Marine x2, Supply Depot  
  112  6:49  Barracks Reactor x2  
  112  6:52  SCV  
  113  6:56  SCV  
  113  6:57  SCV  
  114  7:03  Siege Tank  
  114  7:04  SCV  
  114  7:08  SCV  
  111  7:09  Marine x3, Medivac, SCV  
  117  7:16  SCV  
  117  7:17  Refinery  
  117  7:18  Refinery  
  117  7:19  Supply Depot, Marine  
  117  7:20  Marine, SCV  
  117  7:21  SCV  
  121  7:24  Terran Infantry Weapons Level 2  
  121  7:27  Marine x4  
  125  7:35  Factory  
  125  7:40  Marine x5, SCV  
  133  7:45  Supply Depot  
  133  7:46  Marine  
  133  7:50  Marine  
  133  7:51  Marine x2  
  133  7:54  Siege Tank  
  133  7:57  Terran Infantry Armor Level 2  
  133  7:58  Marine x2  
  138  8:02  Command Center  
  132  8:07  Marine x2  
  132  8:08  Marine x3  
  116  8:13  SCV  
  103  8:22  Marine x4  
  103  8:23  SCV x2  
  103  8:26  Medivac x2, Factory Tech Lab  
  110  8:28  SCV  
  110  8:29  Siege Tank  
  110  8:33  Marine x4  
  119  8:38  Terran Vehicle Weapons Level 1  
  119  8:40  Marine  
  123  8:42  Factory  
  123  8:47  Siege Tank  
  122  8:48  SCV  
  122  8:50  SCV  
  122  8:53  Marine x2  
  122  8:54  Marine  
  127  8:59  Marine  
  127  9:00  Marine  
  129  9:07  Command Center  
  129  9:08  Medivac  
  129  9:09  Medivac, Siege Tank  
  127  9:10  SCV x3  
  127  9:11  Marine x7  
  137  9:17  Marine  
  136  9:25  Siege Tank  
  136  9:26  SCV  
  136  9:31  Factory Tech Lab  
  140  9:33  Supply Depot  
  140  9:35  Supply Depot  
  140  9:36  Marine x4  
  141  9:38  Barracks, Medivac  
  141  9:39  Barracks  
  141  9:41  Barracks, Siege Tank  
  143  9:49  Missile Turret  
  143  9:50  Siege Tank  
  146  9:54  Marine  
  146  9:55  Marine x3, Marauder  
  146  9:57  Siege Tank, Sensor Tower  
  155  10:07  Marine x4  
  155  10:13  Siege Tank  
  162  10:14  SCV x2  
  162  10:15  SCV  
  163  10:23  Siege Tank  
  163  10:28  Marine x6  
  167  10:30  SCV x2  
  167  10:35  SCV  
  160  10:42  SCV  
  160  10:43  Planetary Fortress  
  160  10:44  SCV  
  160  10:47  Medivac x2, Siege Tank x2, SCV  
  167  10:54  SCV  
  167  10:56  Barracks Tech Lab x3  
  166  10:57  Siege Tank  
  166  11:01  Marine x3  
  166  11:02  Marine, Marauder  
  175  11:04  Sensor Tower  
  175  11:06  Supply Depot  
  159  11:37  Marine x2  
  159  11:38  SCV  
  159  11:39  Marine  
  148  11:40  SCV x2  
  148  11:45  Terran Infantry Weapons Level 3  
  148  11:46  Supply Depot  
  145  11:47  Supply Depot  
  144  12:00  SCV  
  140  12:02  Marine x2  
  140  12:03  SCV  
  140  12:06  Marine, SCV  
  140  12:07  Marine  
  140  12:08  Marine x4, Siege Tank, Marauder  
  148  12:09  Siege Tank, Marauder x3  
  148  12:15  SCV  
  123  12:25  Siege Tank  
  123  12:26  Marine  
  123  12:27  Marine, SCV  
  123  12:28  Marine x5  
  130  12:30  Marine x2, Marauder  
  130  12:31  Marine x2  
  133  12:40  Siege Tank, Sensor Tower  
  136  12:44  Marine x2  
  136  12:45  Marine  
  136  12:46  Marine x2  
  141  12:55  Siege Tank  
  141  12:57  Siege Tank  
  147  12:58  Concussive Shells  
  147  13:03  Sensor Tower  
  147  13:07  Marauder  
  147  13:08  Marine x3, Marauder x2  
  156  13:14  Marine  
  156  13:15  Supply Depot  
  156  13:18  Supply Depot  
  156  13:19  Supply Depot  
  156  13:21  Marine  
  156  13:23  Marine  
  156  13:26  Sensor Tower  
  156  13:33  Marine x5  
  156  13:34  Siege Tank  
  164  13:40  Marine x5, Siege Tank x2  
  164  13:41  SCV x3  
  178  13:48  SCV  
  178  13:53  SCV x2  
  174  13:55  SCV  
  174  13:56  Marine x2, Marauder  
  174  13:57  Marauder  
  174  14:01  SCV  
  174  14:06  Marine x4  
  174  14:08  Siege Tank  
  177  14:12  Siege Tank  
  176  14:23  Marine x8, Marauder x3  
  170  14:40  Marine, Siege Tank x2  
  170  14:41  Marine x4  
  170  14:44  Marine x2  
  171  14:48  Marine x2  
  167  14:57  Marine x3  
  158  15:07  Supply Depot  
Show
View Real Time Build Order
Export as new Build Order

Elazer Zerg 

Build Orders: Hatch First 

Get SALT Encoding   

  12  0:00  Drone  
  13  0:12  Overlord  
  13  0:17  Drone  
  14  0:30  Drone x2  
  16  0:47  Hatchery  
  15  0:51  Drone  
  15  0:54  Drone  
  17  0:58  Drone  
  18  1:09  Extractor  
  17  1:13  Spawning Pool  
  17  1:15  Drone  
  17  1:18  Drone  
  18  1:28  Drone  
  19  1:38  Drone  
  20  1:49  Overlord  
  20  1:59  Queen x2  
  20  2:00  Zergling x4  
  26  2:09  Metabolic Boost  
  26  2:10  Drone x2  
  28  2:21  Drone x2  
  30  2:32  Drone  
  30  2:34  Drone  
  32  2:37  Queen  
  32  2:43  Overlord  
  34  2:46  Drone  
  35  2:53  Drone  
  35  2:56  Hatchery  
  35  2:57  Drone  
  36  3:10  Drone x3, Overlord  
  36  3:11  Drone x2  
  36  3:12  Drone  
  42  3:16  Drone x2  
  44  3:35  Drone x2  
  44  3:36  Drone  
  44  3:37  Queen  
  44  3:41  Drone, Overlord  
  49  3:42  Zergling x4  
  49  3:46  Overlord  
  52  4:01  Zergling x2  
  52  4:02  Zergling x4  
  55  4:03  Lair, Overlord  
  55  4:07  Overlord  
  55  4:08  Drone x2  
  57  4:10  Queen  
  57  4:15  Queen  
  61  4:17  Drone x5  
  61  4:23  Extractor  
  65  4:25  Drone x3  
  65  4:26  Drone, Roach Warren  
  65  4:29  Drone  
  69  4:33  Spore Crawler  
  69  4:35  Spore Crawler  
  69  4:36  Drone  
  69  4:37  Spore Crawler  
  67  4:40  Overlord  
  67  4:41  Drone x2  
  67  4:45  Drone  
  70  4:47  Zergling x4  
  70  4:49  Overlord  
  70  4:51  Drone x2  
  74  4:54  Overlord  
  74  4:59  Drone x2  
  76  5:00  Overlord  
  76  5:02  Overlord  
  76  5:08  Roach  
  76  5:09  Glial Reconstitution, Roach x2  
  76  5:12  Extractor  
  76  5:13  Extractor  
  80  5:14  Extractor  
  80  5:17  Extractor, Roach x2  
  80  5:20  Roach x2  
  85  5:22  Overlord  
  85  5:23  Drone x2  
  85  5:26  Drone x2  
  88  5:32  Drone x3, Evolution Chamber  
  88  5:34  Evolution Chamber  
  89  5:37  Drone  
  89  5:40  Drone x4  
  94  5:44  Drone  
  94  5:47  Drone  
  95  5:52  Overlord  
  95  5:55  Drone  
  96  5:59  Zerg Ground Armor Level 1, Zerg Missile Weapons Level 1  
  96  6:00  Overlord  
  96  6:09  Drone x4  
  96  6:10  Overlord  
  96  6:11  Roach x3  
  106  6:18  Roach  
  106  6:19  Roach x3  
  106  6:22  Overlord  
  106  6:25  Roach  
  116  6:33  Roach x2  
  116  6:36  Overlord, Hatchery  
  116  6:37  Roach  
  116  6:38  Roach  
  123  6:44  Roach  
  123  6:45  Roach x3  
  131  6:47  Roach  
  131  6:48  Roach  
  134  6:59  Roach x4  
  142  7:04  Roach x5  
  144  7:09  Roach x4  
  148  7:16  Roach x4  
  148  7:19  Ravager  
  148  7:22  Roach x3  
  163  7:25  Overlord  
  163  7:27  Ravager  
  163  7:29  Ravager x5  
  169  7:35  Overlord x2  
  169  7:49  Ravager x5  
  169  7:50  Ravager  
  169  7:51  Drone x8  
  183  7:53  Overlord  
  183  7:56  Drone x2  
  183  7:57  Drone  
  135  8:15  Roach x10  
  131  8:22  Extractor  
  131  8:23  Extractor, Zerg Ground Armor Level 2  
  109  8:28  Zerg Missile Weapons Level 2  
  109  8:29  Roach x2  
  115  8:34  Roach x3  
  115  8:38  Roach x3  
  127  8:41  Roach x2  
  129  8:49  Roach  
  129  8:50  Roach x4  
  129  8:52  Roach  
  129  8:53  Roach x2  
  145  8:57  Roach x4  
  153  9:07  Roach x2  
  153  9:08  Roach x5  
  153  9:09  Hatchery  
  156  9:18  Overlord  
  156  9:27  Drone x4  
  156  9:28  Drone x2  
  160  9:36  Roach x9  
  178  9:40  Infestation Pit  
  178  9:41  Hydralisk Den  
  178  9:45  Ravager  
  175  9:54  Ravager x4  
  175  9:56  Ravager x2  
  175  9:57  Roach x3  
  175  9:58  Overlord x2  
  187  10:02  Spine Crawler  
  187  10:04  Spine Crawler  
  187  10:05  Drone x4  
  189  10:10  Spore Crawler, Hatchery  
  185  10:21  Roach x6  
  168  10:36  Roach  
  168  10:37  Roach x6  
  168  10:38  Hive  
  168  10:40  Muscular Augments  
  170  10:45  Hydralisk x5  
  177  10:53  Ravager  
  177  10:54  Drone x4  
  177  10:59  Drone x3  
  177  11:00  Drone x2, Spore Crawler  
  177  11:03  Zerg Melee Weapons Level 1  
  181  11:07  Spire  
  181  11:09  Ravager x3  
  183  11:17  Ravager  
  183  11:18  Ravager x2  
  173  11:26  Hydralisk  
  173  11:27  Hydralisk x5  
  170  11:33  Roach x5  
  170  11:43  Roach x8  
  181  11:49  Roach x3  
  181  11:50  Roach  
  185  11:59  Roach x6  
  156  12:09  Roach x6  
  131  12:15  Roach  
  131  12:16  Roach x3  
  131  12:19  Hydralisk x2  
  129  12:28  Grooved Spines  
  127  12:33  Drone x7  
  134  12:38  Hydralisk x3  
  140  12:47  Hydralisk x4  
  134  13:08  Hydralisk, Ravager x4  
  134  13:09  Hydralisk x6  
  150  13:15  Roach  
  150  13:16  Roach x5  
  162  13:30  Drone x5  
  162  13:32  Extractor  
  162  13:33  Extractor  
  162  13:34  Spore Crawler  
  164  13:43  Roach x8  
  178  13:55  Roach x10  
  188  14:09  Roach x4  
  198  14:10  Roach x3  
  183  14:22  Roach x2  
  183  14:23  Roach x7  
  165  14:39  Roach x8  
  161  14:45  Roach  
  161  14:46  Roach x2  
  147  14:55  Hydralisk x4  
  136  15:13  Hatchery  
Tags
 
Add a new tag
Caveats
  • Supply blocks, unpowered buildings, or Contaminate may cause inaccurate times.
  • Supply counts are checked every 10 seconds.